 Dungeon Crawl Stone Soup version 0.31-a0-344-gd109795599 (webtiles) character file.

Game seed: 10048699634924890289

1479 Shayle the Ruffian (level 8, -1/61 HPs)
             Began as a Gnoll Shapeshifter on July 21, 2023.
             Was a Follower of Kikubaaqudgha.
             Slain by a wyvern (4 damage)
             ... on level 9 of the Dungeon on July 22, 2023.
             The game lasted 00:25:49 (6273 turns).

Shayle the Ruffian (Gnoll Shapeshifter)             Turns: 6273, Time: 00:25:49

Health: -1/61      AC: 14    Str: 20    XL:     8   Next: 79%
Magic:  13/13      EV: 10    Int:  8    God:    Kikubaaqudgha [*.....]
Gold:   290        SH:  0    Dex: 12    Spells: 14/14 levels left

rFire   . . .        g - +1 whip (elec)
rCold   . . .        (no shield)
rNeg    . . .        d - +0 chain mail
rPois   .            i - +0 helmet
rElec   .            D - +2 cloak of the Thief {*Fog Slay-2 SInv Stlth+}
rCorr   .            m - +0 pair of gloves {Str+3}
SInv    +            (no boots)
Will    .....        (no amulet)
Stlth   +            (no ring)
HPRegen 0.30/turn    (no ring)
MPRegen 0.13/turn

%: no passive effects
@: no status effects
A: fangs 1, strong nose, distributed training
a: Renounce Religion, Unearth Wretches


You were on level 9 of the Dungeon.
You worshipped Kikubaaqudgha.
Kikubaaqudgha was aware of your devotion.
You visited 2 branches of the dungeon, and saw 10 of its levels.
You also visited: Sewer and Ossuary.

You collected 290 gold pieces.

Inventory:

Hand Weapons
 g - a +1 whip of electrocution (weapon)
 w - a +2 dagger of draining
 x - a +3 short sword of electrocution
 y - a +3 short sword
Missiles
 n - a silver boomerang (quivered)
 v - a curare-tipped dart
Armour
 a - a +0 animal skin
 d - a +0 chain mail (worn)
 f - a +0 kite shield
 i - a +0 helmet (worn)
 m - a +0 pair of gloves of strength (worn)
 D - the +2 cloak of the Thief (worn) {*Fog Slay-2 SInv Stlth+}
   (You found it on level 5 of the Dungeon)

   *Fog:      It may release a thick cloud of smoke when the wearer is hurt.
   Slay:      It affects your accuracy & damage with ranged weapons and melee
   (-2).
   SInv:      It lets you see invisible.
   Stlth:     It makes you more stealthy.
 I - a +2 pair of gloves
Talismans
 c - a beast talisman
Scrolls
 e - a scroll of torment {unknown}
 q - 2 scrolls of vulnerability
 t - 2 scrolls of poison {unknown}
 C - a scroll of immolation {unknown}
 E - 2 scrolls of identify
 H - a scroll of noise {unknown}
 J - a scroll of enchant weapon {unknown}
 K - a scroll of brand weapon {unknown}
 M - 2 scrolls of amnesia {unknown}
Potions
 b - 2 potions of lignification
 j - a potion of berserk rage {unknown}
 k - 3 potions of enlightenment
 l - 2 potions of curing
 o - 3 potions of brilliance
 p - a potion of cancellation {unknown}
 r - a potion of heal wounds
 s - 2 potions of mutation {unknown}
 u - a potion of invisibility {unknown}
 z - 3 potions of haste
 A - 4 potions of magic {unknown}
 B - a potion of might {unknown}
 F - a potion of ambrosia {unknown}
 G - 2 potions of attraction {unknown}
 L - a potion of degeneration {unknown}


   Skills:
 + Level 4.5 Fighting
 + Level 3.6 Short Blades
 + Level 3.6 Long Blades
 + Level 3.6 Axes
 + Level 3.6 Maces & Flails
 + Level 3.6 Polearms
 + Level 3.6 Staves
 + Level 3.6 Ranged Weapons
 + Level 3.6 Throwing
 + Level 3.6 Armour
 + Level 5.9 Dodging
 + Level 3.6 Stealth
 + Level 3.6 Shields
 + Level 7.5 Unarmed Combat
 + Level 3.6 Spellcasting
 + Level 3.0 Conjurations
 + Level 3.0 Hexes
 + Level 3.0 Summonings
 + Level 3.0 Necromancy
 + Level 3.0 Translocations
 + Level 3.0 Transmutations
 + Level 3.0 Fire Magic
 + Level 3.0 Ice Magic
 + Level 3.0 Air Magic
 + Level 3.0 Earth Magic
 + Level 3.0 Poison Magic
 + Level 4.0 Invocations
 + Level 3.6 Evocations
 + Level 7.2 Shapeshifting


You had 14 spell levels left.
You didn't know any spells.
Your spell library contained the following spells:

 Spells                   Type           Power      Damage    Failure   Level
 Apportation              Tloc           12%        N/A       54%         1
 Kiss of Death            Conj/Necr      24%        2d7       54%         1
 Necrotise                Necr           24%        1d5       54%         1
 Shock                    Conj/Air       24%        1d4       54%         1
 Summon Small Mammal      Summ           24%        N/A       54%         1
 Sublimation of Blood     Necr           6%         N/A       69%         2
 Dazzling Flash           Conj/Hex       12%        N/A       89%         3
 Swiftness                Air            6%         N/A       89%         3
 Vampiric Draining        Necr           6%         2d6       89%         3
 Volatile Blastmotes      Fire/Tloc      12%        2d11      89%         3
 Airstrike                Air            3%         2d(1-17)  100%        4
 Starburst                Conj/Fire      3%         6d3       100%        6
 Maxwell's Capacitive Co  Air            3%         ∞         100%        8


Dungeon Overview and Level Annotations

Branches:
Dungeon (9/15)             Temple (1/1) D:5            Lair (0/5) D:8
  Sewer (visited)         Ossuary (visited)
    Orc: D:9-12

Altars:
Ashenzari
Dithmenos
Fedhas
Hepliaklqana
Kikubaaqudgha
Nemelex Xobeh
Okawaru
Ru
Uskayaw
Vehumet
Wu Jian
Yredelemnul

Shops:
D:1 [   D:7 [?

Annotations:
D:3 1 runed translucent door, lmSkywalker's ghost, amateur DrSh
D:4 1 runed translucent door, LeprechaunX's ghost, amateur OpSh
D:5 3 runed translucent doors, cforsyth's ghost, novice OgSh
D:7 Dowan; Duvessa
D:8 Joseph
D:9 Erolcha


Innate Abilities, Weirdness & Mutations

You have very sharp teeth.
Your uncanny sense of smell can sniff out nearby items.
Your experience applies equally to all skills.


Message History

The wyvern closely misses you.
The wyvern bites you but does no damage.
You hit the wyvern but do no damage. You bite the wyvern, but do no damage.
The wyvern is moderately wounded.
The wyvern bites you but does no damage.
You hit the wyvern but do no damage.
The wyvern is moderately wounded.
The wyvern bites you!
With a swish of your cloak, you release a cloud of fog.
You hit the wyvern but do no damage. Your bite misses the wyvern.
The wyvern is moderately wounded.
The wyvern barely misses you. The wyvern bites you.
You closely miss the wyvern.
The wyvern is moderately wounded.
The wyvern bites you!
With a swish of your cloak, you release a cloud of fog.
You hit the wyvern but do no damage.
The wyvern is moderately wounded.
The wyvern barely misses you.
You hit the wyvern but do no damage.
The wyvern is moderately wounded.
The wyvern bites you! The wyvern bites you.
* * * LOW HITPOINT WARNING * * *
You completely miss the wyvern.
The wyvern is moderately wounded.
The wyvern bites you.
* * * LOW HITPOINT WARNING * * *
You closely miss the wyvern.
The wyvern is moderately wounded.
The wyvern bites you but does no damage.
You hit the wyvern. Lightning courses through the wyvern!
The wyvern is severely wounded.
The wyvern closely misses you. The wyvern bites you!
* * * LOW HITPOINT WARNING * * *
With a swish of your cloak, you release a cloud of fog.
You hit the wyvern.
The wyvern is severely wounded.
The wyvern bites you.
You die...
Kikubaaqudgha rasps: "You have failed me!
Welcome... death!"

.....>...#........
................$.
.#................
.............###.#
.............###.##
..........§§.#.....
.....###.§.§.......
.... ##§§........
... #@l§........ ..
#§§§........ .
...§§§......... ∆
....§§§...?.###.
...##.........# ..
#...#§....... .
..............#
##............#


You could see a wyvern.

Vanquished Creatures
  A water moccasin (D:9)
  A black bear (D:6)
  An ice beast (D:3)
  An ogre (D:5)
  2 kobold brigands (Sewer)
  5 water moccasin zombies (Ossuary)
  A hound (D:5)
  A gnoll bouda (D:8)
  A sleepcap (D:5)
  5 iguanas
  2 orc wizards (D:4)
  2 mummies (Ossuary)
  4 gnolls (D:8)
  9 river rats
  12 adders
  A shadow imp (D:5)
  A white imp (D:6)
  3 adder zombies (Ossuary)
  3 worms
  2 dart slugs (D:3)
  12 orcs
  6 ball pythons
  3 endoplasms
  3 giant cockroaches
  5 gnoll zombies (Ossuary)
  6 goblins
  10 hobgoblins
  4 jackals (D:4)
  6 quokkas
  6 bats
  4 frilled lizards
  A hobgoblin zombie (Ossuary)
  20 kobolds
  4 kobold zombies (Ossuary)
  3 orc zombies (Ossuary)
  25 rats
176 creatures vanquished.

Vanquished Creatures (others)
  An orc (D:9)
1 creature vanquished.

Grand Total: 177 creatures vanquished

Notes
Turn   | Place    | Note
-------+----------+-------------------------------------------
     0 | D:1      | Shayle the Gnoll Shapeshifter began the quest for the Orb.
     0 | D:1      | Reached XP level 1. HP: 17/17 MP: 1/1
   156 | D:1      | Found Xieriro's Armour Boutique.
   295 | D:1      | Reached XP level 2. HP: 19/23 MP: 2/2
   971 | D:2      | Reached XP level 3. HP: 28/28 MP: 3/3
  1389 | D:2      | Found a hazy altar of Hepliaklqana.
  1604 | D:2      | Reached skill level 1 in Invocations
  1843 | D:3      | Reached skill level 1 in Short Blades
  1843 | D:3      | Reached skill level 1 in Long Blades
  1843 | D:3      | Reached skill level 1 in Axes
  1843 | D:3      | Reached skill level 1 in Maces & Flails
  1843 | D:3      | Reached skill level 1 in Polearms
  1843 | D:3      | Reached skill level 1 in Staves
  1843 | D:3      | Reached skill level 1 in Ranged Weapons
  1843 | D:3      | Reached skill level 1 in Throwing
  1843 | D:3      | Reached skill level 1 in Armour
  1843 | D:3      | Reached skill level 1 in Stealth
  1843 | D:3      | Reached skill level 1 in Shields
  1843 | D:3      | Reached skill level 1 in Spellcasting
  1843 | D:3      | Reached skill level 1 in Evocations
  1981 | D:3      | Reached XP level 4. HP: 34/34 MP: 5/5
  2040 | D:3      | Noticed an ice beast
  2049 | D:3      | Killed an ice beast
  2050 | D:3      | Reached skill level 1 in Conjurations
  2050 | D:3      | Reached skill level 1 in Hexes
  2050 | D:3      | Reached skill level 1 in Summonings
  2050 | D:3      | Reached skill level 1 in Necromancy
  2050 | D:3      | Reached skill level 1 in Translocations
  2050 | D:3      | Reached skill level 1 in Transmutations
  2050 | D:3      | Reached skill level 1 in Fire Magic
  2050 | D:3      | Reached skill level 1 in Ice Magic
  2050 | D:3      | Reached skill level 1 in Air Magic
  2050 | D:3      | Reached skill level 1 in Earth Magic
  2050 | D:3      | Reached skill level 1 in Poison Magic
  2050 | D:3      | Reached XP level 5. HP: 41/41 MP: 5/7
  2070 | D:3      | Found a runed translucent door.
  2070 | D:3      | Noticed lmSkywalker's ghost (amateur DrSh)
  2340 | D:3      | Found a faded altar of an unknown god.
  2464 | D:3      | Found a basalt altar of Yredelemnul.
  2831 | D:4      | Reached XP level 6. HP: 47/47 MP: 8/8
  2878 | D:4      | Found a blossoming altar of Fedhas.
  2879 | D:4      | Found a runed translucent door.
  2910 | D:4      | Reached skill level 5 in Dodging
  3078 | D:4      | Found a glowing drain.
  3091 | Sewer    | Entered a sewer
  3272 | Sewer    | Reached XP level 7. HP: 21/52 MP: 10/10
  4216 | D:4      | Noticed LeprechaunX's ghost (amateur OpSh)
  4271 | D:5      | Entered Level 5 of the Dungeon
  4271 | D:5      | Found the +2 cloak of the Thief {*Fog Slay-2 SInv Stlth+}
  4434 | D:5      | Found a runed translucent gate.
  4434 | D:5      | Found a runed translucent gate.
  4434 | D:5      | Found a runed translucent gate.
  4496 | D:5      | Noticed cforsyth's ghost (novice OgSh)
  4763 | D:5      | Reached XP level 8. HP: 57/60 MP: 12/12
  5010 | D:5      | Found a staircase to the Ecumenical Temple.
  5019 | Temple   | Entered the Ecumenical Temple
  5027 | Temple   | Became a worshipper of Kikubaaqudgha
  5439 | D:7      | Noticed Duvessa
  5439 | D:7      | Noticed Dowan
  5444 | D:7      | Found Veod's Antique Armour Boutique.
  5447 | D:7      | Found Plog's Magic Scroll Shoppe.
  5635 | D:8      | Noticed Joseph
  5655 | D:8      | Noticed a yak
  5657 | D:8      | Found a staircase to the Lair.
  5661 | D:8      | Found a sand-covered staircase.
  5666 | D:8      | Noticed a two-headed ogre
  5670 | Ossuary  | Entered an ossuary
  5951 | Ossuary  | Reached * piety under Kikubaaqudgha
  5951 | Ossuary  | Received a gift from Kikubaaqudgha
  6031 | D:8      | Noticed a yak
  6032 | D:8      | Noticed a yak
  6034 | D:8      | Noticed a yak
  6040 | D:8      | Noticed a gargoyle
  6201 | D:9      | Noticed Erolcha
  6254 | D:9      | Noticed a wyvern
  6272 | D:9      | HP: 3/61 [wyvern (13)]
  6273 | D:9      | Slain by a wyvern

Illustrated notes

Levels and vault maps discovered:
D:1:      mainiacjoe_arrival_reflecting_pool, layout_basic, serial_shops, shop
D:2:      layout_basic, basic_altar, hangedman_decor_growths
D:3:      layout_basic, lemuel_tele_altar, hellmonk_ghost_happy_afterlife,
          hellmonk_ecumenical_altar_arch_garden
D:4:      layout_rooms, fedhas_altar_2, ebering_ghost_reflecting_pool,
          lightli_sewer_entry_pipes, eino_small_chamber_without_monster
D:5:      layout_loops_ring, temple_hall, gammafunk_ghost_icy
D:6:      layout_basic, good_gods_mini_temple, kennysheep_slug_shrine
D:7:      layout_loops_ring, kennysheep_mini, mainiacjoe_overflow_big_doors,
          serial_shops, nicolae_shop_bloodbath_and_beyond,
          nicolae_shop_peninsula, shop, shop, uniq_menkaure, uniq_duvessa
D:8:      layout_cave_pools, lair_entry_dummy, serial_shops,
          nicolae_shop_tiny_waterfront, enter_ossuary_3, uniq_joseph
D:9:      layout_cave_pools, enter_bailey_5, uniq_maggie, uniq_erolcha
Temple:   hellmonk_temple_rainy

Skill      XL: |  1  2  3  4  5  6  7  8 |
---------------+-------------------------+-----
Invocations    | 1 2 3 4 |  4.0
Short Blades   | 1 2 3 |  3.6
Long Blades    | 1 2 3 |  3.6
Axes           | 1 2 3 |  3.6
Maces & Flails | 1 2 3 |  3.6
Polearms       | 1 2 3 |  3.6
Staves         | 1 2 3 |  3.6
Ranged Weapons | 1 2 3 |  3.6
Throwing       | 1 2 3 |  3.6
Armour         | 1 2 3 |  3.6
Stealth        | 1 2 3 |  3.6
Shields        | 1 2 3 |  3.6
Spellcasting   | 1 2 3 |  3.6
Evocations     | 1 2 3 |  3.6
Fighting       | 3 4 |  4.5
Conjurations   | 1 2 3 |  3.0
Hexes          | 1 2 3 |  3.0
Summonings     | 1 2 3 |  3.0
Necromancy     | 1 2 3 |  3.0
Translocations | 1 2 3 |  3.0
Transmutations | 1 2 3 |  3.0
Fire Magic     | 1 2 3 |  3.0
Ice Magic      | 1 2 3 |  3.0
Air Magic      | 1 2 3 |  3.0
Earth Magic    | 1 2 3 |  3.0
Poison Magic   | 1 2 3 |  3.0
Dodging        | 5 |  5.9
Unarmed Combat | 7 |  7.5
Shapeshifting  | 7 |  7.2

Action                     |  1- 3 |  4- 6 |  7- 9 || total
---------------------------+-------+-------+-------++-------
  Melee: Unarmed           |    80 |   117 |    61 ||   258
         Bite              |     6 |    10 |    30 ||    46
         Punch             |     1 |     2 |    13 ||    16
         Whip              |       |       |   276 ||   276
  Throw: Boomerang         |       |     4 |     4 ||     8
         Dart              |       |       |     1 ||     1
Ability: Begin Untransform |       |       |     1 ||     1
    Use: Scroll            |     3 |       |    10 ||    13
         Potion            |     1 |       |     9 ||    10
 Armour: Animal skin       |     7 |       |       ||     7
         Skin              |    26 |       |    25 ||    51
         Chain mail        |    24 |    60 |   200 ||   284
  Dodge: Dodged            |    45 |    43 |   151 ||   239
  Block: Kite shield       |       |       |     3 ||     3

Table legend: (Time is in decaauts)
 A = Elapsed time spent in this place.
 B = Non-inter-level travel time spent in this place.
 C = Inter-level travel time spent in this place.
 D = Time resting spent in this place.
 E = Time spent auto-exploring this place.
 F = Levels seen in this place.
 G = Mean time per level.
                   A        B        C        D        E       F      G
               +--------+--------+--------+--------+--------+-----+--------+
         Total |   6266 |   6162 |    104 |   1029 |   3255 |  12 |  522.2 |
       Dungeon |   4949 |   4853 |     96 |    470 |   3090 |   9 |  549.9 |
        Temple |     16 |      8 |      8 |      0 |      0 |   1 |   16.0 |
         Sewer |    949 |    949 |      0 |    429 |    164 |   1 |  949.0 |
       Ossuary |    351 |    351 |      0 |    130 |      0 |   1 |  351.0 |
               +--------+--------+--------+--------+--------+-----+--------+

Top non-repeatable levels by time:
     D:2: 984 daAuts
     D:3: 953 daAuts
   Sewer: 949 daAuts
     D:5: 924 daAuts
     D:1: 769 daAuts
     D:4: 638 daAuts
 Ossuary: 351 daAuts
     D:9: 226 daAuts
     D:6: 185 daAuts
     D:8: 140 daAuts
     D:7: 126 daAuts
  Temple: 16 daAuts
